 Dungeon Crawl Stone Soup version 0.29.1-12-g30fa7ad0bf (webtiles) character file.

Game seed: 8208893435817447404

9 nerdsy the Trooper (level 2, -3/27 HPs)
             Began as a Hill Orc Fighter on Dec 28, 2022.
             Frozen to death by an endoplasm (5 damage)
             ... on level 1 of the Dungeon.
             The game lasted 00:02:47 (96 turns).

nerdsy the Trooper (Hill Orc Fighter)                 Turns: 96, Time: 00:02:47

Health: -3/27      AC:  6    Str: 18    XL:     2   Next: 12%
Magic:  2/2        EV:  9    Int:  8    God:
Gold:   10         SH:  4    Dex: 10    Spells: 1/1 levels left

rFire   . . .      SeeInvis .   a - +0 long sword
rCold   . . .      Faith    .   c - +0 buckler
rNeg    . . .      Spirit   .   b - +0 scale mail
rPois   .          Reflect  .   (no helmet)
rElec   .          Harm     .   (no cloak)
rCorr   .          Rampage  .   (no gloves)
Will    .....                   (no boots)
Stlth   ..........              (no amulet)
HPRegen 0.09/turn               (no ring)
MPRegen 0.08/turn               (no ring)

@: no status effects
A: no striking features
a: no special abilities


You were on level 1 of the Dungeon.
You visited 1 branch of the dungeon, and saw 1 of its levels.

You collected 10 gold pieces.

Inventory:

Hand Weapons
 a - a +0 long sword (weapon)
 f - a +0 hand axe
Missiles
 h - 2 poisoned darts (quivered)
Armour
 b - a +0 scale mail (worn)
 c - a +0 buckler (worn)
 e - a +0 robe
Potions
 d - a potion of might
 g - a potion of flight {unknown}


   Skills:
 + Level 3.9 Fighting
 + Level 2.3 Long Blades
 + Level 3.5 Armour
 + Level 3.4 Shields


You had one spell level left.
You didn't know any spells.
Your spell library was empty.

Dungeon Overview and Level Annotations

Branches:
Dungeon (1/15)

Altars:


Message History

You barely miss the jackal. You block the bat's attack.
The bat barely misses you. The jackal barely misses you.
The goblin hits you with a +0 dagger. The endoplasm barely misses you.
The bat hits you but does no damage.
The jackal bites you but does no damage.
The goblin hits you but does no damage. The endoplasm freezes you.
You are frozen.
* * * LOW HITPOINT WARNING * * *
You hit the jackal.
The jackal is moderately wounded.
You block the bat's attack. The bat hits you but does no damage.
The jackal bites you but does no damage.
The bat closely misses you. The goblin hits you but does no damage.
The endoplasm freezes you.
You are frozen.
* * * LOW HITPOINT WARNING * * *
The endoplasm closely misses you. The jackal barely misses you.
You closely miss the jackal.
The jackal is moderately wounded.
The bat hits you but does no damage. The bat hits you.
* * * LOW HITPOINT WARNING * * *
The jackal bites you but does no damage.
The goblin hits you but does no damage. The bat hits you but does no damage.
The endoplasm closely misses you. The endoplasm freezes you.
You are frozen.
* * * LOW HITPOINT WARNING * * *
You block the jackal's attack. The goblin hits you but does no damage.
The endoplasm hits you but does no damage.
The endoplasm closely misses you. The goblin hits you but does no damage.
You hit the jackal.
The jackal is almost dead.
The bat barely misses you. The jackal bites you.
* * * LOW HITPOINT WARNING * * *
The goblin hits you but does no damage. The jackal barely misses you.
The goblin closely misses you. The endoplasm freezes you.
You are frozen.
You die...

...# #........# ..##
###.....# . ...# #.....#
.## ...# #....## #...
...# #.....# ##...# ...#
#.....###......
...#######..............
.........†.....g.J....#
...#######...†.g@h(#
...# #####.Jb#..# ...#
#.#h# .... ...# #.....
##.. ...# .......# #
..## ........# .##
...#.....# ##
...##.....# ?... ..8..


You could see 2 endoplasms, 2 jackals, 2 goblins and a bat.

Vanquished Creatures
  A dart slug (D:1)
  A bat (D:1)
  A hobgoblin (D:1)
  A jackal (D:1)
  A ball python (D:1)
  A frilled lizard (D:1)
  A rat (D:1)
7 creatures vanquished.

Notes
Turn   | Place    | Note
-------+----------+-------------------------------------------
     0 | D:1      | nerdsy the Hill Orc Fighter began the quest for the Orb.
     0 | D:1      | Reached XP level 1. HP: 19/19 MP: 1/1
    80 | D:1      | Reached XP level 2. HP: 20/27 MP: 2/2
    96 | D:1      | Frozen to death by an endoplasm

Illustrated notes

Levels and vault maps discovered:
D:1:      lemuel_arrival_cross, layout_rooms,
          dreamdust_ecumenical_altar_statues, grunt_decor_arrowhead, st_stairs_7

Action                   || total
-------------------------++-------
Melee: Long sword        ||    23
Throw: Stone             ||     5
       Dart              ||     3
Armor: Scale mail        ||    28
Dodge: Dodged            ||    26
Block: Buckler           ||     9
